 Dungeon Crawl Stone Soup version 0.31-a0-142-g31f6795574 (webtiles) character file.

Game seed: 13242562013547855634

7224 runemasterragnar the Trooper (level 10, 0/63 (79) HPs)
             Began as a Demonspawn Fighter on June 4, 2023.
             Was an Elder of Okawaru.
             Slain by Urug
             ... wielding a +4 broad axe of flaming
              (4 damage)
             ... on level 10 of the Dungeon.
             The game lasted 00:19:34 (10440 turns).

runemasterragnar the Trooper (Demonspawn Fighter)  Turns: 10440, Time: 00:19:36

HP:   0/63 (79)     AC: 23    Str: 19    XL:     10   Next: 88%
MP:   16/16         EV:  8    Int: 11    God:    Okawaru [****..]
Gold: 414           SH:  5    Dex:  9    Spells: 14/17 levels left

rFire   + . .        J - +1 executioner's axe
rCold   . . .        (shield currently unavailable)
rNeg    + . .        s - +0 chain mail
rPois   .            q - +0 helmet
rElec   .            C - +0 cloak of the Guardian {+Blink rN+ Dex-4}
rCorr   .            D - +1 pair of gloves
SInv    +            (no boots)
Will    .....        O - amulet of reflection Stlth
                     k - +4 ring of protection
HPRegen 0.30/turn    c - ring of see invisible
MPRegen 0.30/turn

%: reflection
@: heavily drained
A: hooves 1, molten scales 3, magic regeneration, demonic magic 2
a: Renounce Religion, Evoke Blink, Heroism, Finesse


You were on level 10 of the Dungeon.
You worshipped Okawaru.
Okawaru was greatly pleased with you.
You visited 2 branches of the dungeon, and saw 11 of its levels.
You also visited: Sewer.

You collected 514 gold pieces.
You spent 100 gold pieces at shops.

Inventory:

Hand Weapons
 F - a +0 great sword of flaming
 J - a +1 executioner's axe (weapon)
 L - a +0 orcbow
Armour
 p - a +0 cloak of stealth
 q - a +0 helmet (worn)
 s - a +0 chain mail (worn)
 C - the +0 cloak of the Guardian (worn) {+Blink rN+ Dex-4}
   (You acquired it on level 8 of the Dungeon)

   Dex:       It affects your dexterity (-4).
   rN:        It protects you from negative energy.
   +Blink:    It lets you blink.
 D - a +1 pair of gloves (worn)
Jewellery
 c - a ring of see invisible (right hand)
 k - a +4 ring of protection (left hand)
 o - a ring of fire
 r - a ring of wizardry
 t - an amulet of regeneration
 O - an amulet of reflection (around neck)
 S - a ring of willpower
Wands
 a - a wand of acid (4)
 E - a wand of flame (38)
 I - a wand of digging (4)
 P - a wand of polymorph (11)
 R - a wand of mindburst (14)
 U - a wand of paralysis (17)
Scrolls
 b - 2 scrolls of fear
 h - 2 scrolls of teleportation
 l - 2 scrolls of silence
 A - 5 scrolls of amnesia
 B - a scroll of poison
 H - a scroll of summoning
 Q - a scroll of immolation {unknown}
 T - a scroll of noise {unknown}
Potions
 d - a potion of might
 f - a potion of mutation {unknown}
 i - a potion of haste
 j - 3 potions of enlightenment
 u - a potion of brilliance {unknown}
 v - 4 potions of magic
 w - a potion of resistance
 z - a potion of cancellation
 G - 3 potions of curing
 K - a potion of degeneration


   Skills:
 + Level 7.6 Fighting
 - Level 1.7 Long Blades
 * Level 4.3(4.6) Axes
 - Level 2.0(3.4) Maces & Flails
 + Level 6.8 Armour
 - Level 2.6 Shields
 + Level 4.4 Unarmed Combat
 - Level 4.0 Spellcasting
 - Level 6.4 Conjurations
 - Level 7.1 Necromancy
 + Level 6.1 Invocations


You had 14 spell levels left.
You knew the following spells:

 Your Spells              Type           Power      Damage    Failure   Level
a - Kiss of Death         Conj/Necr      68%        2d10      11%         1
b - Searing Ray           Conj           32%        2d5       19%         2

Your spell library contained the following spells:

 Spells                   Type           Power      Damage    Failure   Level
 Magic Dart               Conj           64%        1d6       12%         1
 Static Discharge         Conj/Air       18%        2-3/arc   56%         2
 Dispel Undead            Necr           17%        3d10      65%         4
 Sting                    Tmut/Pois      8%         1d3       86%         1
 Poisonous Vapours        Pois/Air       4%         N/A       94%         2
 Confusing Touch          Hex            2%         N/A       99%         3
 Inner Flame              Hex/Fire       2%         N/A       99%         3
 Fulminant Prism          Conj/Hex       4%         3d5       99%         4
 Airstrike                Air            1%         2d(1-17)  100%        4
 Olgreb's Toxic Radiance  Pois           2%         N/A       100%        4
 Yara's Violent Unravell  Hex/Tmut       1%         3d3       100%        5
 Enfeeble                 Hex            1%         N/A       100%        7
 Summon Lightning Spire   Summ/Air       Unusable   N/A       N/A         4

Dungeon Overview and Level Annotations

Branches:
Dungeon (10/15)            Temple (1/1) D:5           Sewer (visited)
   Lair: D:8-11         Orc: D:9-12

Altars:
Ashenzari
Cheibriados
Dithmenos
Fedhas
Gozag
Hepliaklqana
Kikubaaqudgha
Makhleb
Nemelex Xobeh
Okawaru
Qazlal
Ru
Sif Muna
Trog
Uskayaw
Vehumet
Wu Jian
Xom
Yredelemnul

Shops:
D:7 ?

Annotations:
D:2 1 runed translucent door, Crazy Yiuf
D:10 Urug


Innate Abilities, Weirdness & Mutations

You have large cloven feet.
You are completely covered in molten scales. (AC +4, rF+)
You regenerate magic rapidly.
Spells you cast may paralyse nearby enemies.


Message History

You now have 414 gold pieces (gained 16).
You see here a +0 great mace.
Found 5 stones.
Found a spear.
You see here 5 stones.
You open the door.
Urug the Orcish Ballista comes into view.
She is wielding a +4 broad axe of flaming and quivering silver javelins.
Urug shouts!
Urug squints, then shrugs and mutters, "Close enough."
Urug throws a silver javelin.
The silver javelin pierces through you but does no damage.
The silver sears you!
There is an open door here.
You barely miss Urug. You kick Urug.
Urug is lightly wounded.
Urug barely misses you.
Urug hits you with a +4 broad axe of flaming.
Urug burns you.
You slice Urug!! You kick Urug.
Urug is moderately wounded.
You block Urug's attack.
Urug hits you with a +4 broad axe of flaming!
Urug burns you.
You slash Urug! You kick Urug.
Urug is heavily wounded.
You block Urug's attack.
You barely miss Urug. Your kick misses Urug.
Urug is heavily wounded.
Urug hits you with a +4 broad axe of flaming!
Urug burns you.
Urug stares with her one eyeball.
You block Urug's attack.
You miss Urug. You kick Urug, but do no damage.
Urug is heavily wounded.
Urug hits you with a +4 broad axe of flaming!
Urug burns you.
Urug hits you with a +4 broad axe of flaming!!
* * * LOW HITPOINT WARNING * * *
Urug burns you.
You die...

## .#
.########################
............o............
.........................
.........................
.........................
.##...###+#######o#######
.##...#.........@........
.#....#.............####.
.#....#....##.......# .#
.#....#....##..##...####.#
#######..................#
..........................
......############........
......# #........
......############........


You could see Urug.

Vanquished Creatures
  2 two-headed ogres
  Grinder (D:4)
  A shadow (D:9)
  Sigmund (D:5)
  9 yaks
  A wraith (D:9)
  A steam dragon (D:8)
  An acid dragon (D:9)
  2 water moccasins
  Duvessa (D:7)
  3 orc warriors
  2 black bears
  2 sky beasts (D:8)
  2 ogres
  A centaur (D:6)
  5 phantoms
  3 kobold brigands
  2 bullfrogs
  A gnoll sergeant (D:7)
  3 scorpions
  Dowan (D:7)
  7 killer bees
  3 howler monkeys
  A bullfrog zombie (D:6)
  A centaur zombie (D:6)
  5 jellies
  2 orc priests
  7 hounds
  2 quasits (D:5)
  2 gnoll boudas (D:7)
  3 orc wizards
  2 sleepcaps
  3 iguanas
  A killer bee zombie (D:6)
  2 howler monkey zombies (D:6)
  9 gnolls (D:7)
  7 river rats
  5 adders
  A howler monkey skeleton (D:6)
  A shadow imp (D:4)
  3 white imps
  10 ufetubi
  2 dart slugs
  28 orcs
  8 bats
  4 endoplasms
  5 giant cockroaches
  10 goblins
  3 hobgoblins
  18 jackals
  2 quokkas
  18 ball pythons
  3 frilled lizards
  25 kobolds
  23 rats
271 creatures vanquished.

Notes
Turn   | Place    | Note
-------+----------+-------------------------------------------
     0 | D:1      | runemasterragnar the Demonspawn Fighter began the quest for
                  | the Orb.
     0 | D:1      | Reached XP level 1. HP: 18/18 MP: 1/1
   142 | D:1      | Found a faded altar of an unknown god.
   192 | D:1      | Gained mutation: You have large cloven feet. [demonic
                  | ancestry]
   192 | D:1      | Reached XP level 2. HP: 14/24 MP: 2/2
   771 | D:2      | Gained mutation: You are partially covered in molten
                  | scales. (AC +2) [demonic ancestry]
   771 | D:2      | Reached XP level 3. HP: 30/30 MP: 3/3
  1240 | D:2      | Found a runed translucent door.
  1241 | D:2      | Noticed Crazy Yiuf
  1443 | D:2      | Gained mutation: Spells you cast may paralyse adjacent
                  | enemies. [demonic ancestry]
  1443 | D:2      | Reached XP level 4. HP: 37/37 MP: 4/4
  1449 | D:2      | Learned a level 1 spell: Kiss of Death
  1660 | D:3      | Found a faded altar of an unknown god.
  1702 | D:3      | Found a bloodstained altar of Trog.
  1751 | D:3      | Found an ornate altar of the Wu Jian Council.
  1887 | D:3      | Found a glowing drain.
  1919 | Sewer    | Entered a sewer
  1938 | Sewer    | Reached skill level 1 in Conjurations
  1938 | Sewer    | Reached skill level 1 in Necromancy
  1968 | Sewer    | Noticed a kobold brigand
  1978 | Sewer    | Killed a kobold brigand
  1979 | Sewer    | Reached skill level 1 in Spellcasting
  1979 | Sewer    | Gained mutation: You are mostly covered in molten scales.
                  | (AC +3) [demonic ancestry]
  1979 | Sewer    | Reached XP level 5. HP: 43/43 MP: 4/6
  2205 | Sewer    | Reached XP level 6. HP: 44/49 MP: 7/7
  3073 | D:4      | Gained mutation: You are completely covered in molten
                  | scales. (AC +4, rF+) [demonic ancestry]
  3073 | D:4      | Reached XP level 7. HP: 46/55 MP: 9/9
  3318 | D:4      | Reached skill level 5 in Fighting
  3446 | D:4      | Noticed Grinder
  3471 | D:5      | Entered Level 5 of the Dungeon
  3550 | D:4      | Paralysed by Grinder for 3 turns
  3606 | D:4      | Paralysed by Grinder for 5 turns
  3613 | D:4      | Killed Grinder
  3692 | D:4      | Gained mutation: Spells you cast may paralyse nearby
                  | enemies. [demonic ancestry]
  3692 | D:4      | Reached XP level 8. HP: 50/62 MP: 11/11
  3910 | D:5      | Reached skill level 5 in Necromancy
  3942 | D:5      | Noticed Sigmund
  3950 | D:5      | Killed Sigmund
  4124 | D:5      | Reached skill level 5 in Armour
  4127 | D:5      | Reached skill level 1 in Unarmed Combat
  4168 | D:5      | Found a staircase to the Ecumenical Temple.
  4335 | Temple   | Entered the Ecumenical Temple
  4540 | Temple   | Became a worshipper of Warmaster Okawaru
  4876 | D:6      | Reached skill level 5 in Conjurations
  4915 | D:6      | Reached skill level 1 in Invocations
  4948 | D:6      | Reached * piety under Okawaru
  4992 | D:6      | Gained mutation: You regenerate magic rapidly. [demonic
                  | ancestry]
  4992 | D:6      | Reached XP level 9. HP: 69/69 MP: 12/14
  5682 | D:7      | Reached ** piety under Okawaru
  5744 | D:7      | Noticed Dowan
  5745 | D:7      | Noticed Duvessa
  5762 | D:7      | Learned a level 2 spell: Searing Ray
  5778 | D:7      | Killed Duvessa
  5783 | D:7      | Killed Dowan
  6133 | D:7      | Found Axuisch's Magic Scroll Emporium.
  6233 | D:7      | Bought a scroll of identify for 20 gold pieces
  6233 | D:7      | Bought a scroll of amnesia for 40 gold pieces
  6233 | D:7      | Bought a scroll of fear for 40 gold pieces
  6711 | D:8      | Noticed a two-headed ogre
  6801 | D:8      | Killed a two-headed ogre
  6801 | D:8      | Reached *** piety under Okawaru
  6802 | D:8      | Reached skill level 1 in Maces & Flails
  6802 | D:8      | Reached XP level 10. HP: 44/77 MP: 16/16
  7282 | D:8      | Reached skill level 1 in Axes
  7672 | D:8      | Identified 2 scrolls of acquirement
  7672 | D:8      | Acquired the +0 cloak of the Guardian {+Blink rN+ Dex-4}
  7686 | D:8      | Acquired a +0 great sword of flaming
  7743 | D:9      | Reached skill level 5 in Invocations
  8378 | D:9      | Noticed a two-headed ogre
  8389 | D:9      | Reached **** piety under Okawaru
  8790 | D:9      | Killed a two-headed ogre
  9990 | D:10     | Entered Level 10 of the Dungeon
 10335 | D:10     | Found a shadowy altar of Dithmenos.
 10430 | D:10     | Noticed Urug
 10440 | D:10     | Slain by Urug

Illustrated notes

Levels and vault maps discovered:
D:1:      ldierk_walled_garden, layout_loops_cross, ebering_ecumenical_altar_box
D:2:      layout_basic, uniq_crazy_yiuf_cottage
D:3:      layout_basic, mainiacjoe_overflow_24_doors,
          nicolae_overflow_crystal_walls, nicolae_overflow_ecumenical_swirl,
          portal_sewer_entry_a
D:4:      layout_cave_pools, mainiacjoe_overflow_catwalk, serial_demonic,
          serial_demonic_d, serial_demonic_g, serial_demonic_a,
          serial_demonic_g, minmay_misc_feat_tiny, uniq_grinder
D:5:      layout_loops_cross, minmay_temple_entry_statues_fountains,
          uniq_sigmund
D:6:      layout_rooms, serial_undead, serial_undead_c, serial_undead_d,
          serial_undead_a, serial_undead_c, hangedman_decor_lopped,
          minmay_misc_feat_four_crosses, kennysheep_path_1, serial_park_tiny_2,
          minmay_misc_feat_columns
D:7:      layout_basic, serial_shops, shop, uniq_duvessa
D:8:      layout_loops_cross, minmay_fractal_squares_gapless_5
D:9:      layout_layer_cave
D:10:     layout_stronghold, nicolae_dithmenos_shadow_blocks,
          david_lair_generic, uniq_harold, uniq_urug, uniq_psyche
Temple:   bh_familiar_temple

Skill      XL: |  1  2  3  4  5  6  7  8  9 10 |
---------------+-------------------------------+-----
Armour         | 3 4 5 6 |  6.8
Fighting       | 4 5 6 7 |  7.6
Conjurations   | 1 2 4 5 6 |  6.4
Necromancy     | 1 2 3 4 6 7 |  7.1
Spellcasting   | 1 2 3 4 |  4.0
Unarmed Combat | 1 3 4 |  4.4
Invocations    | 1 4 6 |  6.1
Maces & Flails | 1 2 |  2.0
Axes           | 4 |  4.3
Long Blades    | |  1.7
Shields        | |  2.6

Action                     |  1- 3 |  4- 6 |  7- 9 | 10-12 || total
---------------------------+-------+-------+-------+-------++-------
  Melee: Long sword        |   124 |   179 |       |       ||   303
         Kick              |    18 |    49 |   156 |    53 ||   276
         Scimitar          |       |    67 |   496 |       ||   563
         Executioner's axe |       |       |     8 |   197 ||   205
   Cast: Kiss of Death     |       |       |     2 |     4 ||     6
         Searing Ray       |       |       |     3 |       ||     3
 Invoke: Heroism           |       |       |       |     1 ||     1
  Evoke: Wand              |       |       |    16 |       ||    16
    Use: Scroll            |       |     7 |     2 |     8 ||    17
         Potion            |       |       |     4 |     6 ||    10
   Stab: Paralysed         |       |       |     6 |     4 ||    10
 Armour: Scale mail        |    74 |       |       |       ||    74
         Chain mail        |       |   331 |   644 |   245 ||  1220
  Dodge: Dodged            |    72 |   169 |   333 |   134 ||   708
  Block: Buckler           |    31 |   102 |   202 |       ||   335
         Reflection        |       |       |     2 |       ||     2
         Other             |       |       |     1 |    74 ||    75

Table legend: (Time is in decaauts)
 A = Elapsed time spent in this place.
 B = Non-inter-level travel time spent in this place.
 C = Inter-level travel time spent in this place.
 D = Time resting spent in this place.
 E = Time spent auto-exploring this place.
 F = Levels seen in this place.
 G = Mean time per level.
                   A        B        C        D        E       F      G
               +--------+--------+--------+--------+--------+-----+--------+
         Total |  10899 |  10633 |    266 |   1299 |   6594 |  12 |  908.2 |
       Dungeon |   9958 |   9730 |    228 |   1299 |   6010 |  10 |  995.8 |
        Temple |    212 |    174 |     38 |      0 |    169 |   1 |  212.0 |
         Sewer |    728 |    728 |      0 |      0 |    415 |   1 |  728.0 |
               +--------+--------+--------+--------+--------+-----+--------+

Top non-repeatable levels by time:
     D:8: 1966 daAuts
     D:9: 1575 daAuts
     D:7: 1182 daAuts
     D:2: 898 daAuts
     D:5: 883 daAuts
     D:4: 841 daAuts
     D:1: 783 daAuts
   Sewer: 728 daAuts
     D:6: 681 daAuts
     D:3: 677 daAuts
    D:10: 468 daAuts
  Temple: 212 daAuts
